 Dungeon Crawl Stone Soup version 0.28-a0-1616-g050a50673c (webtiles) character file.

Game seed: 12965033358252000589

106 Shayle the Skirmisher (level 5, -3/40 HPs)
             Began as a Djinni Warper on Jan 22, 2022.
             Slain by a killer bee (5 damage)
             ... on level 4 of the Dungeon.
             The game lasted 00:07:09 (2687 turns).

Shayle the Skirmisher (Djinni Warper)               Turns: 2687, Time: 00:07:09

Health: -3/40      AC:  3    Str: 10    XL:     5   Next: 10%
Gold:   61         EV: 11    Int: 17    God:
                   SH:  0    Dex: 12

rFire   + + .      SeeInvis .   g - +2 hand axe (elec)
rCold   x . .      Faith    .   (no shield)
rNeg    . . .      Spirit   .   a - +0 leather armour
rPois   ∞          Reflect  .   (no helmet)
rElec   .          Harm     .   (no cloak)
rCorr   .          Rampage  .   (no gloves)
Will    .....                   (boots unavailable)
Stlth   ++........              (no amulet)
HPRegen 0.13/turn               (no ring)
MPRegen 0.00/turn               (no ring)

@: flying
A: sickness immunity, fire resistance 2, cold vulnerability 1, float, innate
caster, hp casting, extra vitality 1
a: no special abilities


You were on level 4 of the Dungeon.
You visited 1 branch of the dungeon, and saw 3 of its levels.

You collected 61 gold pieces.

Inventory:

Hand Weapons
 c - a +0 long sword
 f - a +1 mace of holy wrath
 g - a +2 hand axe of electrocution (weapon)
Armour
 a - a +0 leather armour (worn)


   Skills:
 + Level 3.2 Fighting
 - Level 0.7 Throwing
 - Level 1.0 Armour
 - Level 2.1 Dodging
 + Level 2.0 Stealth
 + Level 3.2 Unarmed Combat
 - Level 2.4 Spellcasting


You couldn't memorise any spells.
You knew the following spells:

 Your Spells              Type           Power      Damage    Failure   Level
a - Blink                 Tloc           20%        N/A       14%         2
b - Lesser Beckoning      Tloc           10%        N/A       28%         3
c - Gell's Gravitas       Tloc           10%        N/A       28%         3
d - Teleport Other        Tloc           10%        N/A       28%         3
e - Manifold Assault      Tloc           10%        N/A       95%         5
f - Sting                 Tmut/Pois      40%        1d5       10%         1
g - Ensorcelled Hibernat  Hex/Ice        20%        N/A       14%         2
Your spell library was empty.

Dungeon Overview and Level Annotations

Branches:
Dungeon (2/15)

Altars:

Annotations:
D:4 1 transporter


Innate Abilities, Weirdness & Mutations

You are immune to sickness and miasma.
You are immune to poison.
Your flesh is very heat resistant. (rF++)
You are vulnerable to cold. (rC-)
You float through the air rather than walking.
You learn spells naturally, not from books.
Your magical power is your life essence.
You have superior vitality. (+4 MHP)


Message History

Your Unarmed Combat skill increases to level 3!
You have reached level 5!
The power to cast Ensorcelled Hibernation wells up from within.
Spell assigned to 'g'.
Casting: Lesser Beckoning (quite dangerous; 28% risk of failure)
Confirm with . or Enter, or press ? or * to list all spells.
Aiming: Ensorcelled Hibernation (safe; 14% risk of failure)
Press: ? - help, Shift-Dir - straight line, f/p - killer bee
Aim: a killer bee (almost dead, chance to affect: 52%)
The killer bee resists with significant effort.
* * * LOW HITPOINT WARNING * * *
The killer bee barely misses you.
The killer bee stings you but does no damage.
You closely miss the killer bee.
The killer bee is almost dead.
The killer bee stings you but does no damage.
The killer bee stings you.
* * * LOW HITPOINT WARNING * * *
Something unseen opens the door.
Unknown command.
You miss the killer bee.
The killer bee is almost dead.
The killer bee barely misses you. x3
Unknown command.
Blink to where?
Press: ? - help, Dir - move target, p - killer bee 2 killer bees come into view.
As you read the scroll of blinking, it crumbles to dust.
The killer bee buzzes angrily. x2
A killer bee comes into view.
You hear an angry buzzing noise.
The killer bee misses you.
A killer bee comes into view.
The killer bee barely misses you. The killer bee barely misses you.
The killer bee buzzes angrily.
You hit the killer bee.
The killer bee is almost dead.
You hit the killer bee. The killer bee stings you.
You die...

############ ...........#
...........# ≈≈≈≈≈≈≈@y..#
≈≈≈≈≈≈≈≈yy.#####
...####≈≈......##
###8#..#≈≈....#..#####
#.###.##≈≈..yy.##.#..#
g.....#≈≈...........####
##+##.###≈≈..#............
#P.P#.#.K≈≈.##.....y...#
#⌠.⌠#.##.≈≈..#.........#


You could see 5 killer bees and a kobold.

Vanquished Creatures
  A killer bee (D:4)
  2 adders (D:1)
  An adder zombie (D:2)
  3 orcs
  A ball python (D:1)
  2 bats
  7 endoplasms
  A giant cockroach (D:1)
  A goblin (D:1)
  4 hobgoblins
  2 quokkas (D:1)
  2 frilled lizards
  3 kobolds (D:1)
  A quokka skeleton (D:2)
  3 rats
34 creatures vanquished.

Vanquished Creatures (others)
  8 withered plants (D:2)
8 creatures vanquished.

Grand Total: 42 creatures vanquished

Notes
Turn   | Place    | Note
-------+----------+-------------------------------------------
     0 | D:1      | Shayle the Djinni Warper began the quest for the Orb.
     0 | D:1      | Reached XP level 1. HP: 18/18 MP: 0/0
   172 | D:1      | Reached XP level 2. HP: 14/23 MP: 0/0
   521 | D:1      | HP: 1/23 [endoplasm (3)]
  1074 | D:1      | Reached skill level 1 in Stealth
  1469 | D:1      | Reached XP level 3. HP: 23/29 MP: 0/0
  1469 | D:1      | Learned a level 1 spell: Sting
  2262 | D:2      | Reached XP level 4. HP: 15/34 MP: 0/0
  2660 | D:2      | You are sucked into a shaft and drop 2 floors!
  2660 | D:4      | Noticed an ogre
  2672 | D:4      | Found a transporter.
  2679 | D:4      | Reached XP level 5. HP: 6/40 MP: 0/0
  2679 | D:4      | Learned a level 2 spell: Ensorcelled Hibernation
  2680 | D:4      | HP: 1/40 [killer bee (3)]
  2687 | D:4      | Slain by a killer bee

Illustrated notes

Levels and vault maps discovered:
D:1:      onia_arrival_mini_maze_b, layout_basic
D:2:      layout_rooms, serial_undead, serial_undead_c, serial_undead_b,
          serial_undead_f, serial_undead_e, chequers_mini_garden
D:4:      layout_cave_pools, nicolae_overflow_hidden_temple,
          gammafunk_ghost_gnarly_gnolls

Skill      XL: |  1  2  3  4 |
---------------+-------------+-----
Stealth        | 1 2 |  2.0
Fighting       | 3 |  3.2
Unarmed Combat | 3 |  3.2
Throwing       | |  0.7
Armour         | |  1.0
Dodging        | |  2.1
Spellcasting   | |  2.4

Action                   |  1- 3 |  4- 6 || total
-------------------------+-------+-------++-------
Melee: Unarmed           |    93 |       ||    93
       Punch             |     2 |       ||     2
       Mace              |     4 |       ||     4
       Hand axe          |     3 |    22 ||    25
Throw: Boomerang         |     5 |       ||     5
 Cast: Sting             |     6 |       ||     6
       Lesser Beckoning  |       |     1 ||     1
       Ensorcelled Hiber |       |     1 ||     1
  Use: Scroll            |       |     4 ||     4
 Stab: Sleeping          |     2 |       ||     2
Armor: Leather armour    |    36 |     9 ||    45
Dodge: Dodged            |    70 |    36 ||   106

Table legend: (Time is in decaauts)
 A = Elapsed time spent in this place.
 B = Non-inter-level travel time spent in this place.
 C = Inter-level travel time spent in this place.
 D = Time resting spent in this place.
 E = Time spent auto-exploring this place.
 F = Levels seen in this place.
 G = Mean time per level.
                   A        B        C        D        E       F      G
               +--------+--------+--------+--------+--------+-----+--------+
         Total |   2697 |   2621 |     76 |   1287 |    882 |   3 |  899.0 |
       Dungeon |   2697 |   2621 |     76 |   1287 |    882 |   3 |  899.0 |
               +--------+--------+--------+--------+--------+-----+--------+

Top non-repeatable levels by time:
     D:1: 2069 daAuts
     D:2: 600 daAuts
     D:4: 27 daAuts
